 Dungeon Crawl Stone Soup version 0.12.2-10-g0fb3e6e (webtiles) character file.

131 Fruitarian the Firebug (level 3, -3/26 HPs)
             Began as a Hill Orc Fire Elementalist on July 6, 2013.
             Slain by Crazy Yiuf
             ... wielding a +2,+4 quarterstaff of chaos
              (8 damage)
             ... on Level 2 of the Dungeon.
             The game lasted 00:07:47 (1670 turns).

Fruitarian the Firebug (Hill Orc Fire Elementalist) Turns: 1670, Time: 00:07:47

HP  -3/26        AC  4     Str 16      XL: 3   Next: 75%
MP   2/5         EV 11     Int 13 (15) God:
Gold 82          SH  0     Dex 11      Spells:  1 memorised,  3 levels left

Res.Fire  : . . .   See Invis. : .   k - +0 trident
Res.Cold  : . . .   Warding    : .   r - +1 leather armour
Life Prot.: . . .   Conserve   : +   (no shield)
Res.Poison: .       Res.Corr.  : .   (no helmet)
Res.Elec. : .       Clarity    : .   (no cloak)
Sust.Abil.: . .     Spirit.Shd : .   (no gloves)
Res.Mut.  : .       Stasis     : .   (no boots)
Res.Rott. : .       Ctrl.Telep.: .   i - amulet of conservation
Saprovore : + . .   Flight     : +   (no ring)
                                     (no ring)

@: mighty, flying, very slightly contaminated, not resistant to hostile
enchantments, fairly stealthy
A: saprovore 1
a: no special abilities


You were on level 2 of the Dungeon.
You were not hungry.

You visited 1 branch of the dungeon, and saw 2 of its levels.

You collected 62 gold pieces.

Inventory:

Hand weapons
 e - a -1,+1 orcish mace
 k - a +0,+0 trident (weapon)
Missiles
 d - 13 stones (quivered)
 s - 19 bolts
Armour
 a - a +0 orcish robe
 r - a +1 leather armour (worn)
 t - a cursed +0 splint mail
Comestibles
 c - 3 meat rations
 l - a bread ration
 p - a pear
Scrolls
 u - a scroll of identify
Jewellery
 i - an amulet of conservation (around neck)
Potions
 h - a potion of might
Books
 b - a book of Flames

   Spells                             Type                      Level
   *Flame Tongue                      Conjuration/Fire             1
   Throw Flame                        Conjuration/Fire             2
   Conjure Flame                      Conjuration/Fire             3
   Inner Flame                        Hexes/Fire                   3
   Sticky Flame                       Conjuration/Fire             4
   Fireball                           Conjuration/Fire             5


   Skills:
 + Level 0.4 Armour
 - Level 1.5 Dodging
 - Level 1.5 Stealth
 - Level 1.0 Spellcasting
 + Level 1.6 Conjurations
 + Level 4.9 Fire Magic


You had 3 spell levels left.
You knew the following spells:

 Your Spells              Type           Power        Failure   Level  Hunger
a - Flame Tongue          Conj/Fire      ##....       10%         1    ##.....


Dungeon Overview and Level Annotations

Branches:
Dungeon (2/27)

Altars:

Annotations
D:2 Crazy Yiuf


Innate Abilities, Weirdness & Mutations

You can tolerate rotten meat.


Message History

Drink which item? (? for menu, Esc to quit)
You feel very mighty all of a sudden.
It was a potion of might.
Crazy Yiuf hits you with a quarterstaff of chaos.
* * * LOW HITPOINT WARNING * * *
Crazy Yiuf burns you.
* * * LOW HITPOINT WARNING * * *
Drink which item? (? for menu, Esc to quit)
You feel very buoyant.
You fly up into the air.
It was a potion of flight.
Crazy Yiuf closely misses you.
Crazy Yiuf grits, "Castle infinity illywillydillykilly!"
Crazy Yiuf twirls on the spot.
Crazy Yiuf screams, "Walk cloud wrapper!"
Crazy Yiuf says, "Snurf forty-two forty-two!"
You puncture Crazy Yiuf!
Crazy Yiuf is severely wounded.
Crazy Yiuf yells, "Powder blue sow!"
Crazy Yiuf hits you with a quarterstaff of chaos!
You die...

..
#..#.......#######...# #
..
................)....# #
##..##..........#######
#..##.............######
........................
..##.......###...######
.........# ##### #
.........########. #
.........g@........ .
##.##.#.#########. # #
#.#...# # #.....# #
#.....# #
#....#################
#..............[......
###.##################
#.####...####### #####.


You could see Crazy Yiuf.

Vanquished Creatures
  2 adders (D:2)
  A giant gecko (D:2)
  An ooze (D:2)
  5 bats
  5 hobgoblins (D:1)
  6 jackals (D:2)
  A ball python (D:2)
  3 giant newts (D:1)
  7 goblins
  4 kobolds
  2 rats (D:1)
37 creatures vanquished.

Vanquished Creatures (others)
  A kobold (D:2)
1 creature vanquished.

Grand Total: 38 creatures vanquished

Notes
Turn   | Place    | Note
--------------------------------------------------------------
     0 | D:1      | Fruitarian, the Hill Orc Fire Elementalist, began the quest for the Orb.
     0 | D:1      | Reached XP level 1. HP: 14/14 MP: 3/3
   216 | D:1      | Reached XP level 2. HP: 7/20 MP: 0/4
   427 | D:1      | Reached skill level 4 in Fire Magic
  1079 | D:2      | Reached XP level 3. HP: 26/26 MP: 5/5
  1573 | D:2      | Reached XP level 4. HP: 33/33 MP: 5/7
  1599 | D:2      | Noticed Crazy Yiuf
  1648 | D:2      | Reached XP level 3. HP: 8/26 MP: 0/5
  1670 | D:2      | Slain by Crazy Yiuf

Action                   |  1- 3 |  4- 6 || total
-------------------------+-------+-------++-------
Melee: Mace              |    40 |       ||    40
       Trident           |    37 |       ||    37
Throw: Stone             |       |     1 ||     1
 Cast: Flame Tongue      |    39 |     7 ||    46
  Use: Scroll            |     7 |       ||     7
       Potion            |     3 |       ||     3
